AoeStats
← Yann926

Hill Fort

505663352Analyzed
4v4 RM · 20d ago on Sep 10, 2026· 46m 6s· 8 players
Game mode
Random Map
Map size
Large (8 player)
Population
200
Speed
Normal
Resources
Standard
Victory
Conquest
Starting age
Dark Age
Ending age
Imperial Age
RankedLock teamsTeams togetherTeam positionsShared explorationLock speedFull tech treeHidden civsTurbo modeCheats
Victory
Defeat
🇨🇳 Gurjaras · China
1040
+13
🇨🇳 Ethiopians · China
958
+17
🇨🇳 Franks · China
932
+19
🇭🇰 Slavs · Hong Kong SAR China
925
+18
🇻🇳 Portuguese · Vietnam
1019
-18
🇵🇰 Magyars · Pakistan
975
-17
🇻🇳 Malians · Vietnam
961
-16
🇵🇰 Japanese · Pakistan
950
-16
兔子18
10:54 Feudal Age
17:00 Castle Age
15:12 Double-Bit Axe
16:00 Gold Mining
16:04 Horse Collar
17:10 Padded Archer Armor
17:08 Crossbowman
22:50 Leather Archer Armor
22:26 Fletching
26:00 Gold Shaft Mining
30:00 Squires
33:27 Imperial Age
30:44 Loom
31:30 Bodkin Arrow
31:36 Scale Mail Armor
33:52 Wheelbarrow
33:18 Stone Mining
33:38 Halberdier
34:28 Thumb Ring
34:57 Arbalester
36:08 Ballistics
36:00 Masonry
36:49 Elite Skirmisher
37:52 Bracer
39:23 Conscription
40:59 Stone Shaft Mining
42:06 Ring Archer Armor
42:41 Chemistry
41:33 Heated Shot
KSG_King
0:36 Loom
11:32 Feudal Age
12:53 Wheelbarrow
18:47 Castle Age
16:42 Horse Collar
18:20 Double-Bit Axe
20:46 Bow Saw
23:53 Stone Mining
25:02 Gold Mining
30:41 Imperial Age
28:45 Caravan
29:30 Scale Barding Armor
31:34 Gold Shaft Mining
31:41 Hand Cart
31:16 Town Watch
31:53 Forging
32:04 Chain Barding Armor
31:50 Heavy Plow
32:54 Conscription
34:17 Plate Barding Armor
34:18 Iron Casting
33:59 Bloodlines
33:50 Husbandry
33:53 Squires
33:14 Pikeman
34:09 Detinets
34:21 Elite Boyar
37:36 Masonry
40:08 Blast Furnace
39:57 Fletching
Noob
10:30 Feudal Age
17:19 Castle Age
17:48 Forging
17:46 Scale Barding Armor
23:39 Wheelbarrow
24:55 Loom
25:22 Husbandry
25:52 Hand Cart
27:56 Double-Bit Axe
31:01 Iron Casting
30:46 Chain Barding Armor
32:27 Gold Mining
35:31 Imperial Age
33:50 Caravan
35:57 Gold Shaft Mining
35:33 Cavalier
37:05 Bow Saw
36:59 Paladin
39:29 Blast Furnace
39:05 Plate Barding Armor
38:35 Chivalry
39:12 Light Cavalry
Yann926
10:47 Feudal Age
11:26 Loom
12:02 Double-Bit Axe
12:26 Horse Collar
14:48 Castle Age
15:53 Bow Saw
20:20 Town Watch
22:39 Wheelbarrow
30:43 Imperial Age
28:36 Kshatriyas
28:48 Scale Barding Armor
28:54 Forging
30:34 Chain Barding Armor
32:02 Conscription
32:45 Husbandry
32:07 Light Cavalry
33:01 Gold Mining
34:57 Bloodlines
35:17 Hand Cart
35:57 Heavy Camel Rider
37:26 Hussar
39:13 Iron Casting
39:14 Plate Barding Armor
39:07 Elite Shrivamsha Rider
40:48 Ballistics
41:30 Chemistry
41:55 Elite Chakram Thrower
gulu gulu
6:07 Loom
11:43 Feudal Age
13:53 Horse Collar
20:52 Castle Age
20:43 Double-Bit Axe
23:49 Wheelbarrow
23:47 Bow Saw
23:38 Heavy Plow
23:30 Gold Mining
23:33 Stone Mining
24:31 Hand Cart
31:21 Stone Shaft Mining
31:24 Gold Shaft Mining
34:04 Imperial Age
32:21 Town Watch
33:01 Husbandry
33:12 Bloodlines
33:09 Scale Barding Armor
33:14 Forging
33:06 Scale Mail Armor
32:53 Treadmill Crane
33:23 Town Patrol
34:22 Cavalier
35:42 Iron Casting
35:28 Chain Barding Armor
35:24 Chain Mail Armor
36:17 Conscription
36:12 Farimba
38:07 Plate Barding Armor
38:24 Elite Gbeto
40:07 Plate Mail Armor
Just_jawad
0:26 Loom
12:04 Feudal Age
16:50 Castle Age
14:46 Double-Bit Axe
15:22 Stone Mining
15:57 Horse Collar
16:19 Gold Mining
16:59 Scale Barding Armor
17:33 Wheelbarrow
18:11 Bow Saw
18:29 Heavy Plow
24:16 Hand Cart
28:11 Corvinian Army
34:12 Chain Barding Armor
37:10 Imperial Age
38:32 Plate Barding Armor
37:37 Elite Magyar Huszar
39:00 Conscription
42:18 Arson
41:54 Pikeman
Memory
11:10 Loom
14:22 Feudal Age
15:30 Man-at-Arms
16:09 Double-Bit Axe
16:05 Horse Collar
17:00 Arson
18:02 Wheelbarrow
18:55 Forging
18:46 Scale Mail Armor
22:35 Castle Age
20:56 Town Watch
22:58 Long Swordsman
23:26 Gambesons
23:42 Squires
24:16 Pikeman
26:56 Hand Cart
28:11 Town Patrol
28:17 Fletching
28:43 Chain Mail Armor
41:43 Bodkin Arrow
42:25 Iron Casting
zckaz123
12:18 Feudal Age
17:34 Castle Age
15:44 Double-Bit Axe
16:07 Horse Collar
19:02 Wheelbarrow
18:40 Bow Saw
18:31 Heavy Plow
26:47 Stone Mining
29:42 Hand Cart
29:36 Gold Mining
31:48 Stone Shaft Mining
35:54 Imperial Age
33:53 Circumnavigation
34:21 Ballistics
34:49 Pikeman
35:16 Arson
36:00 Elite Organ Gun
36:56 Arquebus
38:14 Chemistry
39:31 Siege Engineers
Connection lost

Rejoining the realm…

Still unreachable

The connection could not be restored.

Session expired

The server has moved on; the page needs a fresh start.